 Dungeon Crawl Stone Soup version 0.31.0-12-g77e489cdc1 (webtiles) character file.

Game seed: 14499291506423051731

432 lordive the Twirler (level 6, -5/52 HPs)
             Began as a Minotaur Gladiator on Feb 28, 2024.
             Was a Follower of Okawaru.
             Slain by an ogre
             ... wielding a +0 giant club
              (27 damage)
             ... on level 4 of the Dungeon.
             The game lasted 00:04:27 (2819 turns).

lordive the Twirler (Minotaur Gladiator)            Turns: 2819, Time: 00:04:27

Health: -5/52      AC:  8    Str: 18    XL:     6   Next: 67%
Magic:  5/5        EV: 11    Int:  5    God:    Okawaru [*.....]
Gold:   152        SH:  0    Dex: 14    Spells: 5/5 levels left

rFire   . . .        u - +4 quarterstaff (chaos)
rCold   . . .        (shield currently unavailable)
rNeg    . . .        y - +0 scale mail
rPois   .            c - +0 hat
rElec   .            v - +0 cloak
rCorr   .            g - +0 pair of gloves
SInv    .            (no boots)
Will    .....        (no amulet) Stlth
                     (no ring)
HPRegen 0.28/turn    (no ring)
MPRegen 0.09/turn

%: no passive effects
@: no status effects
A: horns 2, retaliatory headbutt
a: Renounce Religion, Heroism


You were on level 4 of the Dungeon.
You worshipped Okawaru.
Okawaru was aware of your devotion.
You visited 1 branch of the dungeon, and saw 4 of its levels.

You collected 152 gold pieces.

Inventory:

Hand Weapons
 a - a +0 quarterstaff
 u - a +4 quarterstaff of chaos (weapon)
Missiles
 d - 5 throwing nets (quivered)
 e - a javelin
Armour
 c - a +0 hat (worn)
 g - a +0 pair of gloves (worn)
 v - a +0 cloak (worn)
 y - a +0 scale mail (worn)
Jewellery
 p - a ring of see invisible
Talismans
 q - a beast talisman
Wands
 x - a wand of iceblast (8)
Scrolls
 b - a scroll of immolation {unknown}
 f - a scroll of brand weapon {unknown}
 i - 4 scrolls of identify {unknown}
 k - a scroll of enchant armour {unknown}
 l - 2 scrolls of teleportation {unknown}
 n - a scroll of amnesia {unknown}
 r - 2 scrolls of enchant weapon {unknown}
 s - 2 scrolls of vulnerability {unknown}
 z - a scroll of butterflies {unknown}
Potions
 h - 2 potions of heal wounds {unknown}
 j - 2 potions of ambrosia {unknown}
 m - a potion of magic {unknown}
 o - a potion of curing {unknown}
 t - a potion of might {unknown}
 w - a potion of resistance {unknown}


   Skills:
 + Level 3.7 Fighting
 + Level 6.7 Staves
 + Level 2.6 Throwing
 + Level 2.4 Armour
 + Level 4.9 Dodging


You had 5 spell levels left.
You didn't know any spells.
Your spell library contained the following spells:

 Spells                   Type           Power      Damage    Failure   Level
 Ensorcelled Hibernation  Hex/Ice        0%         N/A       95%         2
 Fugue of the Fallen      Necr           0%         N/A       99%         3
 Anguish                  Hex/Necr       0%         N/A       100%        4
 Passage of Golubria      Tloc           0%         N/A       100%        4
 Silence                  Hex/Air        0%         N/A       100%        5
 Lehudib's Crystal Spear  Conj/Erth      0%         10d2      100%        8


Dungeon Overview and Level Annotations

Branches:
Dungeon (4/15)
 Temple: D:4-7

Altars:
Okawaru

Shops:
D:3 !

Annotations:
D:2 Natasha


Innate Abilities, Weirdness & Mutations

You have a pair of horns on your head.
You reflexively headbutt those who attack you in melee.


Message History

No target in view!
No target in view!
No target in view!
No target in view!
No target in view!
No target in view!
No target in view!
No target in view!
No target in view!
No target in view!
No target in view!
An ogre comes into view. It is wielding a +0 giant club.
The ogre shouts!
An ogre is nearby!
An ogre is nearby!
An ogre is nearby!
Found 6 curare-tipped darts.
Found a robe.
The ogre hits you with a +0 giant club!
You barely miss the ogre. The ogre barely misses you. You furiously retaliate!
You headbutt the ogre. You sock the ogre!
The ogre is moderately wounded.
You completely miss the ogre. You headbutt the ogre.
The ogre is moderately wounded.
The ogre hits you with a +0 giant club!
You are too injured to fight recklessly!
You are too injured to fight recklessly!
You are too injured to fight recklessly!
You are too injured to fight recklessly!
You are too injured to fight recklessly!
You are too injured to fight recklessly!
You are too injured to fight recklessly!
You are too injured to fight recklessly!
You are too injured to fight recklessly!
Unknown command.
The ogre attacks as it pursues you!
The ogre hits you with a +0 giant club!!
Ouch! That really hurt!
You die...

## ##### ##.##...####
#.#.........
#####.........>.
########...............
#........###.........##
#.####..............###
#....O@#####.......####
#.......######.#....#...
#..............#........
#.......#####†.##...#...
#.......#####..##...##.#
#.(.............##...##.#
##...................##.#
##...[..####...#.##.##.#
#...#)##.##.#


You could see an ogre.

Vanquished Creatures
  Sigmund (D:2)
  A bombardier beetle (D:4)
  2 orc priests
  Crazy Yiuf (D:3)
  Ijyb (D:4)
  Natasha (D:2)
  2 adders
  2 dart slugs
  3 ribbon worms
  6 orcs
  8 ball pythons
  7 endoplasms
  6 giant cockroaches
  8 hobgoblins
  4 quokkas
  5 bats
  2 frilled lizards (D:2)
  5 goblins
  7 kobolds
  4 rats
76 creatures vanquished.

Notes
Turn   | Place    | Note
-------+----------+-------------------------------------------
     0 | D:1      | lordive the Minotaur Gladiator began the quest for the Orb.
     0 | D:1      | Reached XP level 1. HP: 18/18 MP: 0/0
   122 | D:1      | Found a faded altar of an unknown god.
   182 | D:1      | Reached XP level 2. HP: 25/25 MP: 1/1
   194 | D:2      | Reached skill level 4 in Staves
   358 | D:4      | Found an iron altar of Okawaru.
   363 | D:4      | Became a worshipper of Warmaster Okawaru
   413 | D:2      | Reached XP level 3. HP: 26/30 MP: 2/2
   424 | D:2      | Noticed Sigmund
   433 | D:2      | Killed Sigmund
   434 | D:2      | Reached skill level 5 in Staves
   434 | D:2      | Reached skill level 1 in Armour
   434 | D:2      | Reached XP level 4. HP: 24/38 MP: 3/3
   434 | D:2      | Reached XP level 5. HP: 28/45 MP: 4/4
   551 | D:2      | Noticed Natasha
   559 | D:2      | Killed Natasha
   837 | D:2      | Found an iron altar of Okawaru.
  1528 | D:2      | Noticed Natasha
  1690 | D:3      | Reached skill level 6 in Staves
  1797 | D:3      | Found Gaineot's Distillery.
  1933 | D:3      | Reached XP level 6. HP: 46/51 MP: 5/5
  2190 | D:3      | Found a runed translucent door.
  2191 | D:3      | Noticed Crazy Yiuf
  2201 | D:3      | HP: 1/51 [Crazy Yiuf/+4 quarterstaff of chaos (13)]
  2202 | D:3      | Killed Crazy Yiuf
  2560 | D:4      | Noticed Ijyb
  2571 | D:4      | Killed Ijyb
  2571 | D:4      | Reached * piety under Okawaru
  2819 | D:4      | Slain by an ogre

Illustrated notes

Levels and vault maps discovered:
D:1:      lightli_arrival_farm, layout_basic, basic_ecumenical_altar
D:2:      layout_basic, basic_altar, minmay_hexomino_u4, uniq_sigmund,
          uniq_natasha
D:3:      layout_basic, serial_shops, nicolae_shop_crystal,
          uniq_crazy_yiuf_cottage
D:4:      layout_loops_ring, okawaru_gym_becter, kennysheep_slug_shrine,
          uniq_ijyb

Skill      XL: |  1  2  3  4  5  6 |
---------------+-------------------+-----
Staves         | 4 5 6 |  6.7
Fighting       | 3 |  3.7
Armour         | 1 2 |  2.4
Dodging        | 4 |  4.9
Throwing       | |  2.6

Action                     |  1- 3 |  4- 6 || total
---------------------------+-------+-------++-------
  Melee: Quarterstaff      |    39 |   111 ||   150
         Headbutt          |     5 |    22 ||    27
   Stab: Distracted        |       |     1 ||     1
         Paralysed         |       |     2 ||     2
 Armour: Leather armour    |    12 |    50 ||    62
         Scale mail        |       |    11 ||    11
  Dodge: Dodged            |    35 |    61 ||    96
